 Dungeon Crawl Stone Soup version 0.32-a0-960-g3814254bd7 (webtiles) character file.

Game seed: 4649947397900174702

11 zazu2006 the Charlatan (level 2, 0/21 HPs)
             Began as a Coglin Artificer on Apr 17, 2024.
             Slain by a quokka (2 damage)
             ... on level 1 of the Dungeon.
             The game lasted 00:01:31 (247 turns).

zazu2006 the Charlatan (Coglin Artificer)            Turns: 247, Time: 00:01:31

Health: 0/21       AC:  3    Str: 12    XL:     2   Next: 29%
Magic:  2/2        EV: 10    Int: 10    God:
Gold:   10         SH:  0    Dex: 14    Spells: 1/1 levels left

rFire   . . .        a - +0 club {Mariya}
rCold   . . .        f - +0 dagger {Hori}
rNeg    . . .        b - +0 leather armour
rPois   .            (no helmet)
rElec   .            (no cloak)
rCorr   .            (no gloves)
SInv    .            (no boots)
Will    .....        (amulet unavailable)
Stlth   +            (ring unavailable)
HPRegen 0.23/turn    (ring unavailable)
MPRegen 0.08/turn    (no gizmo)

%: no passive effects
@: revved
A: off-hand wielding, slow wielding, warmup strikes, no jewellery
a: Invent Gizmo


You were on level 1 of the Dungeon.
You visited 1 branch of the dungeon, and saw 1 of its levels.

You collected 10 gold pieces.

Inventory:

Hand Weapons
 a - a +0 club (weapon) {Mariya}
 f - a +0 dagger (offhand) {Hori}
 g - a +0 mace
Armour
 b - a +0 leather armour (worn)
Wands
 c - a wand of flame (15) (quivered)
 d - a wand of charming (15)
 e - a wand of iceblast (5)
Scrolls
 h - a scroll of immolation {unknown}
 i - a scroll of identify {unknown}
 k - a scroll of enchant weapon {unknown}
 l - a scroll of teleportation {unknown}
Potions
 j - 2 potions of haste {unknown}


   Skills:
 + Level 1.0 Fighting
 + Level 0.1 Short Blades
 + Level 1.8 Armour
 + Level 1.0 Dodging
 + Level 0.7 Stealth
 + Level 4.7 Evocations


You had one spell level left.
You didn't know any spells.
Your spell library contained the following spells:

 Spells                   Type           Power      Damage    Failure   Level
 Dazzling Flash           Conj/Hex       0%         N/A       82%         3
 Mephitic Cloud           Conj/Alch/Air  0%         N/A       82%         3
 Silence                  Hex/Air        0%         N/A       100%        5


Dungeon Overview and Level Annotations

Branches:
Dungeon (1/15)

Altars:


Innate Abilities, Weirdness & Mutations

You can wield a second weapon in your off-hand.
It takes a long time for you to wield or remove held weapons.
Your first few attacks do less damage.
You cannot equip rings or amulets.


Message History

The jackal bites you. The quokka barely misses you. The jackal misses you.
The jackal closely misses you.
A goblin comes into view. It is wielding a +0 club.
The goblin shouts!
You hit the jackal with your +0 club.
You kill the jackal!
The jackal bites you but does no damage.
The quokka closely misses you. The jackal bites you. The quokka bites you.
You hit the quokka with your +0 dagger.
The quokka is moderately wounded.
You hit the quokka but do no damage. The jackal barely misses you.
The quokka misses you. The quokka barely misses you.
The jackal barely misses you.
You closely miss the quokka with your +0 club.
The quokka is moderately wounded.
You hit the quokka but do no damage. The quokka bites you. x2
The jackal closely misses you. The quokka bites you.
The quokka bites you but does no damage.
You hit the quokka with your +0 dagger.
The quokka is heavily wounded.
You barely miss the quokka with your +0 club.
The jackal barely misses you. The quokka closely misses you.
The quokka bites you but does no damage.
The jackal barely misses you.
You hit the quokka but do no damage.
The quokka is heavily wounded.
You hit the quokka with your +0 club.
You kill the quokka!
The jackal bites you. The quokka barely misses you.
You hit the jackal with your +0 dagger.
The jackal is moderately wounded.
You barely miss the jackal with your +0 club.
The jackal bites you.
* * * LOW HITPOINT WARNING * * *
The quokka closely misses you. The goblin hits you with a +0 club.
* * * LOW HITPOINT WARNING * * *
The jackal bites you.
* * * LOW HITPOINT WARNING * * *
The quokka bites you.
You die...

.....##...##
##...###...###
##...#
#.....###
##...#
##......##
##...#
###.....#
.....#
###...##
###### ##...#
#...# #..@#
##hgr# #.K.#
##..# ....
..... .....
#......


You could see a quokka, a jackal, a goblin and a kobold.

Vanquished Creatures
  An endoplasm (D:1)
  A jackal (D:1)
  A quokka (D:1)
  2 ball pythons (D:1)
  2 bats (D:1)
  3 frilled lizards (D:1)
  A kobold (D:1)
  A rat (D:1)
12 creatures vanquished.

Notes
Turn   | Place    | Note
-------+----------+-------------------------------------------
     0 | D:1      | zazu2006 the Coglin Artificer began the quest for the Orb.
     0 | D:1      | Reached XP level 1. HP: 15/15 MP: 1/1
    37 | D:1      | Reached skill level 1 in Dodging
    97 | D:1      | Reached XP level 2. HP: 21/21 MP: 2/2
   247 | D:1      | Slain by a quokka

Illustrated notes

Levels and vault maps discovered:
D:1:      dpeg_arrival_subterranean_lakeside_camping, layout_rooms,
          serial_curves, eino_curves_04, eino_curves_04, eino_curves_03,
          eino_curves_04

Skill      XL: |  1 |
---------------+----+-----
Dodging        | 1 |  1.0
Fighting       | |  1.0
Short Blades   | |  0.1
Armour         | |  1.8
Stealth        | |  0.7
Evocations     | |  4.7

Action                     || total
---------------------------++-------
  Melee: Dagger            ||    21
         Club              ||    21
 Armour: Leather armour    ||    24
  Dodge: Dodged            ||    32

Table legend: (Time is in decaauts)
 A = Elapsed time spent in this place.
 B = Non-inter-level travel time spent in this place.
 C = Inter-level travel time spent in this place.
 D = Time resting spent in this place.
 E = Time spent auto-exploring this place.
 F = Levels seen in this place.
 G = Mean time per level.
                   A        B        C        D        E       F      G
               +--------+--------+--------+--------+--------+-----+--------+
         Total |    251 |    249 |      2 |      0 |    162 |   1 |  251.0 |
       Dungeon |    251 |    249 |      2 |      0 |    162 |   1 |  251.0 |
               +--------+--------+--------+--------+--------+-----+--------+

Top non-repeatable levels by time:
     D:1: 251 daAuts
